cohdb
Replays
Latest Replays
All Replays
Popular Replays
Top Player Replays
Match Explorer
How It Works
Community
CoH3 Stats
Reddit
Sign in to upload your games and track your stats! →
Sign in with Steam
Match 44026421
Unlisted
Match 44026421
Overview
Messages
Build Orders
End
Kettenkrad Recon Vehicle
Construct Infanterie Kompanie
Selects Breakthrough Battlegroup
Grenadier Squad
Grenadier Squad
MG 42 Machine Gun Team
Selects Assault Grenadiers
Selects 2.5-tonne Cargo Truck
Construct Panzergrenadier Kompanie
Grenadier Squad
251 Medium Carrier
Pak 40 Anti-tank Gun Team
2.5-tonne Cargo Truck
Construct Panzer Kompanie
Wyl
Kameraad
Thumuz
Marsouin
alexjgh
Oncle-Hô
Spc.ANTIK
Shnezou
0
0
Comments
sign in to comment!
No comments posted yet!